 Dungeon Crawl Stone Soup version 0.29.1-1-gd02db6906a (webtiles) character file.

Game seed: 8638435467010843306

27558 concernfroge the Severer (level 13, -4/103 HPs)
             Began as a Mummy Monk on Sept 17, 2022.
             Was an Initiate of Gozag.
             Slain by Snorg (12 damage)
             ... on level 4 of the Lair of Beasts on Sept 18, 2022.
             The game lasted 00:46:27 (18438 turns).

concernfroge the Severer (Mummy Monk)              Turns: 18438, Time: 00:46:29

Health: -4/103     AC: 23    Str: 18    XL:     13   Next: 5%
Magic:  13/13      EV:  7    Int: 10    God:    Gozag
Gold:   1459       SH: 13    Dex: 15    Spells: 12/12 levels left

rFire   + . .      SeeInvis +   a - +7 broad axe (venom)
rCold   + . .      Faith    .   i - +1 kite shield
rNeg    + + +      Spirit   .   D - +7 chain mail "Izez" {rElec rF+}
rPois   ∞          Reflect  +   v - +2 helmet
rElec   +          Harm     .   y - scarf {+Inv}
rCorr   +          Rampage  .   C - +1 pair of gloves
Will    +....      NoCast   +   m - +2 pair of boots of the Sacrificial Victim {-Cast rCorr Dex-4 SInv}
Stlth   ..........              d - amulet of Compulsion {Reflect rPois Dex+4 SH+5 SInv}
HPRegen 0.27/turn               q - ring of protection from fire
MPRegen 0.13/turn               z - +4 ring of slaying

@: about to teleport
A: cold resistance 1, negative energy resistance 3, torment resistance 2, heat
vulnerability 1, in touch with death 2, no potions
a: Renounce Religion, Evoke Invisibility, Potion Petition, Call Merchant, Bribe
Branch


You were on level 4 of the Lair of Beasts.
You worshipped Gozag.
Gozag was most pleased with you.
You visited 3 branches of the dungeon, and saw 16 of its levels.
You also visited: Ossuary and Bailey.

You collected 3269 gold pieces.
You spent 606 gold pieces at shops.
You paid 1204 gold pieces to Gozag.

Inventory:

Hand Weapons
 a - a +7 broad axe of venom (weapon)
 b - a +0 hand axe of flaming
Missiles
 o - 22 boomerangs (quivered)
 r - 30 poisoned darts
 B - 2 curare-tipped darts
Armour
 i - a +1 kite shield (worn)
 m - the +2 pair of boots of the Sacrificial Victim (worn) {-Cast rCorr Dex-4 SInv}
   (You found it on level 3 of the Dungeon)

   Dex:       It affects your dexterity (-4).
   SInv:      It lets you see invisible.
   -Cast:     It prevents spellcasting.
   rCorr:     It protects you from acid and corrosion.
 v - a +2 helmet (worn)
 y - a scarf of invisibility (worn)
 C - a +1 pair of gloves (worn)
 D - the +7 chain mail "Izez" (worn) {rElec rF+}
   (You found it on level 3 of the Lair of Beasts)

   rF:        It protects you from fire.
   rElec:     It insulates you from electricity.
Jewellery
 d - the amulet of Compulsion (around neck) {Reflect rPois Dex+4 SH+5 SInv}
   (You acquired it on level 7 of the Dungeon)

   [amulet of reflection]

   It reflects blocked missile attacks.
   Dex:       It affects your dexterity (+4).
   rPois:     It protects you from poison.
   SInv:      It lets you see invisible.
   SH:        It affects your SH (+5).
 l - a ring of protection from cold
 q - a ring of protection from fire (left hand)
 s - a ring of flight
 z - a +4 ring of slaying (right hand)
Wands
 j - a wand of iceblast (14)
 A - a wand of charming (6)
Scrolls
 c - 3 scrolls of amnesia
 e - a scroll of blinking
 f - 5 scrolls of poison
 g - 3 scrolls of fear
 h - 4 scrolls of teleportation
 k - 4 scrolls of magic mapping
 n - 4 scrolls of immolation
 p - 5 scrolls of vulnerability
 t - 3 scrolls of fog
 w - 10 scrolls of identify
 x - 2 scrolls of noise


   Skills:
 - Level 10.0 Fighting
 - Level 15.9(16.0) Axes
 - Level 2.4(10.6) Polearms
 + Level 6.2 Dodging
 - Level 1.5 Stealth


You had 12 spell levels left.
You didn't know any spells.
Your spell library contained the following spells:

 Spells                   Type           Power      Damage    Failure   Level
 Apportation              Tloc           0%         N/A       100%        1
 Freeze                   Ice            0%         1d3       100%        1
 Sandblast                Erth           0%         2d4       100%        1
 Summon Small Mammal      Summ           0%         N/A       100%        1
 Passwall                 Tmut/Erth      0%         N/A       100%        2
 Scorch                   Fire           0%         2d5       100%        2
 Call Canine Familiar     Summ           0%         N/A       100%        3
 Frozen Ramparts          Ice            0%         1d1       100%        3
 Gell's Gravitas          Tloc           0%         N/A       100%        3
 Lesser Beckoning         Tloc           0%         N/A       100%        3
 Ozocubu's Armour         Ice            0%         N/A       100%        3
 Stone Arrow              Conj/Erth      0%         3d7       100%        3
 Summon Guardian Golem    Hex/Summ       0%         N/A       100%        3
 Teleport Other           Tloc           0%         N/A       100%        3
 Airstrike                Air            0%         2d(0-16)  100%        4
 Anguish                  Hex/Necr       0%         N/A       100%        4
 Flame Wave               Conj/Fire      0%         2d4       100%        4
 Hailstorm                Conj/Ice       0%         3d3       100%        4
 Summon Lightning Spire   Summ/Air       0%         N/A       100%        4
 Alistair's Intoxication  Tmut/Pois      0%         N/A       100%        5
 Lightning Bolt           Conj/Air       0%         1d11      100%        5
 Summon Cactus Giant      Summ           0%         N/A       100%        6
 Enfeeble                 Hex            0%         N/A       100%        7
 Ozocubu's Refrigeration  Ice            0%         4d7       100%        7
 Summon Hydra             Summ           0%         N/A       100%        7
 Maxwell's Capacitive Co  Air            0%         ∞         100%        8
 Sublimation of Blood     Necr           Unusable   N/A       N/A         2
 Wereblood                Tmut           Unusable   N/A       N/A         2
 Storm Form               Tmut/Air       Unusable   N/A       N/A         7

Dungeon Overview and Level Annotations

Branches:
Dungeon (11/15)            Temple (1/1) D:7            Lair (4/5) D:8
 Shoals (0/4) Lair:2       Spider (0/4) Lair:2          Orc (0/2) D:11
Ossuary (visited)          Bailey (visited)
  Slime: Lair:4-5

Altars:
Ashenzari
Cheibriados
Dithmenos
Fedhas
Gozag
Hepliaklqana
Kikubaaqudgha
Makhleb
Nemelex Xobeh
Okawaru
Qazlal
Ru
Sif Muna
Trog
Uskayaw
Vehumet
Wu Jian
Xom
Yredelemnul

Shops:
D:3 ?*   D:5 =   D:8 *

Annotations:
Lair:4 Snorg


Innate Abilities, Weirdness & Mutations

You are immune to poison.
Your flesh is cold resistant. (rC+)
You are immune to negative energy. (rN+++)
You are immune to unholy pain and torment.
You are vulnerable to heat. (rF-)
You are strongly in touch with the powers of death.
You do not drink.


Message History

f - 5 scrolls of poison (gained 1)
You see here a +0 vorpal mace.
You now have 1459 gold pieces (gained 14).
Found 2 stones.
Snorg the Insatiable comes into view.
Snorg shouts!
Found an escape hatch in the floor.
Found a stone staircase leading up.
Snorg bites you but does no damage. Snorg claws you. You block Snorg's attack.
You slash Snorg!
Snorg is poisoned.
Snorg is lightly wounded.
You block Snorg's attack. Snorg claws you but does no damage. x2
You slash Snorg!
Snorg is lightly wounded.
Snorg goes berserk!
You slash Snorg!
Snorg is moderately wounded.
Snorg bites you but does no damage. You block Snorg's attack. Snorg misses you.
Snorg bites you. Snorg claws you but does no damage. x2
You slash Snorg!
Snorg looks as sick as possible!
Snorg is moderately wounded.
Snorg bites you but does no damage. You block Snorg's attack. Snorg claws you.
You hit Snorg.
Snorg looks as sick as possible!
Snorg is moderately wounded.
You block Snorg's attack. x2; Snorg claws you!
Snorg bites you. Snorg claws you but does no damage. You block Snorg's attack.
You hit Snorg.
Snorg looks as sick as possible!
Snorg is moderately wounded.
Snorg bites you! Snorg claws you but does no damage. x2
Okay, then.
As you read the scroll of teleportation, it crumbles to dust.
You feel strangely unstable. Snorg bites you but does no damage.
Snorg closely misses you. Snorg claws you! Snorg bites you!
You block Snorg's attack. Snorg claws you. Snorg attacks as you move away!
Snorg bites you!!
* * * LOW HITPOINT WARNING * * *
You block Snorg's attack. Snorg claws you!
* * * LOW HITPOINT WARNING * * *
You block Snorg's attack. Snorg claws you but does no damage. Snorg claws you!
You die...
Your body crumbles into a pile of gold.

........... #.#...P###
..........## ###....#.#
...........## #.....#.
............## ##.###..
............. ####...
.........P# ## ##..
#........# ##.. #.#.
........T## ....## ##.#
#.......@.## ...#.###.#.
...........# #.....###.#
...........#####.......#.
........(.....##.P....#.#
#.........P...#...#....#.
.........................
................!........
#........................
................).......


You could see Snorg (berserk, extremely poisoned).

Vanquished Creatures
  An orc warlord (Bailey)
  2 boulder beetles (Lair:3)
  2 hydras
  A two-headed ogre (D:9)
  Sonja (D:11)
  Nergalle (D:11)
  An oklob plant (Lair:2)
  An ugly thing (D:11)
  6 elephants
  A smoke demon (D:10)
  A black mamba (Lair:3)
  Joseph (D:9)
  3 cane toads
  2 rime drakes
  2 unseen horrors
  5 komodo dragons
  A troll (D:10)
  A polar bear (Lair:3)
  17 blink frogs
  Grinder (D:3)
  A culicivora (Lair:2)
  2 wraiths
  5 wyverns
  A basilisk (Lair:1)
  16 yaks
  4 steam dragons
  4 redbacks (Lair:2)
  The ghost of SigmundSlayer the Trooper, an amateur DsBe of Trog (D:4)
  Menkaure (D:6)
  3 acid dragons
  Duvessa (D:6)
  9 water moccasins
  2 ice beasts
  2 orc warriors
  An ogre (D:7)
  A sky beast (D:7)
  6 centaurs
  9 wolves
  3 kobold brigands
  A phantom (D:4)
  8 bullfrogs
  2 scorpions
  A necrophage (D:6)
  3 gnoll sergeants
  Dowan (D:6)
  2 water moccasin zombies (Ossuary)
  16 wights
  9 killer bees
  6 howler monkeys
  A gnoll bouda (D:6)
  7 orc priests
  5 hounds
  An iguana (D:6)
  13 orc wizards
  2 mummies (Ossuary)
  15 gnolls
  8 adders
  2 shadow imps (D:7)
  2 white imps
  An ufetubus (D:6)
  3 adder zombies (Ossuary)
  A worm (D:2)
  A dart slug (D:1)
  30 orcs
  5 bats
  3 endoplasms
  3 giant cockroaches
  3 gnoll zombies (Ossuary)
  18 goblins
  10 hobgoblins
  2 jackals (D:3)
  37 kobolds
  5 quokkas
  4 ball pythons
  3 frilled lizards
  3 hobgoblin zombies (Ossuary)
  2 kobold zombies (Ossuary)
  6 orc zombies (Ossuary)
  4 rats
  2 rat zombies (D:5)
374 creatures vanquished.

Vanquished Creatures (others)
  8 fungi
  28 plants
36 creatures vanquished.

Grand Total: 410 creatures vanquished

Notes
Turn   | Place    | Note
-------+----------+-------------------------------------------
     0 | D:1      | concernfroge the Mummy Monk began the quest for the Orb.
     0 | D:1      | Reached XP level 1. HP: 18/18 MP: 1/1
   329 | D:1      | Reached XP level 2. HP: 24/24 MP: 2/2
   924 | D:1      | Gained mutation: You are in touch with the powers of death.
                  | [Mummy growth]
   924 | D:1      | Reached XP level 3. HP: 26/31 MP: 3/3
  1063 | D:2      | Found a snail-covered altar of Cheibriados.
  1894 | D:3      | Reached skill level 5 in Fighting
  1894 | D:3      | Reached XP level 4. HP: 34/39 MP: 4/4
  1949 | D:3      | Noticed Grinder
  1976 | D:3      | Killed Grinder
  1977 | D:3      | Reached XP level 5. HP: 43/47 MP: 5/5
  2028 | D:3      | Found Qejuraqu's Magic Scroll Shop.
  2063 | D:3      | Bought a scroll of identify for 22 gold pieces
  2063 | D:3      | Bought a scroll of blinking for 82 gold pieces
  2063 | D:3      | Bought a scroll of identify for 22 gold pieces
  2101 | D:3      | Reached XP level 6. HP: 53/53 MP: 6/6
  2116 | D:3      | Found a blossoming altar of Fedhas.
  2185 | D:3      | Identified the +2 pair of boots of the Sacrificial Victim
                  | {-Cast rCorr Dex-4 SInv}
  2535 | D:3      | Identified the +1 leather armour of Ykagu {rElec}
  2647 | D:3      | Found Ejoch's General Store.
  2891 | D:4      | Found a runed translucent gate.
  2891 | D:4      | Found a runed translucent gate.
  2891 | D:4      | Found a runed translucent gate.
  2892 | D:4      | Found an opulent altar of Gozag.
  2893 | D:4      | Noticed SigmundSlayer's ghost (amateur DsBe)
  2894 | D:4      | Noticed a steam dragon
  3771 | D:5      | Entered Level 5 of the Dungeon
  3835 | D:5      | Found a sand-covered staircase.
  3847 | Ossuary  | Entered an ossuary
  3930 | Ossuary  | Reached XP level 7. HP: 49/62 MP: 7/7
  4440 | D:5      | Noticed a steam dragon
  4875 | D:6      | Noticed Menkaure
  4887 | D:6      | Killed Menkaure
  4928 | D:6      | Reached XP level 8. HP: 26/72 MP: 8/8
  5239 | D:6      | Reached skill level 10 in Fighting
  5239 | D:6      | Reached skill level 1 in Axes
  5357 | D:6      | Noticed Duvessa
  5372 | D:6      | Noticed Dowan
  5404 | D:7      | Found a flagged portal.
  5437 | Bailey   | Entered a bailey
  5450 | Bailey   | Noticed an orc warlord
  5526 | Bailey   | Noticed an orc knight
  5614 | Bailey   | Found a runed translucent gate.
  5616 | Bailey   | Found a runed translucent gate.
  5618 | Bailey   | Found a runed translucent gate.
  5890 | Bailey   | Identified the +5 short sword "Demon's Foe" {vorpal, Dex+3}
  5902 | Bailey   | Killed an orc warlord
  5903 | Bailey   | Reached skill level 5 in Axes
  5903 | Bailey   | Reached XP level 9. HP: 7/78 MP: 9/9
  6237 | D:7      | Acquired the amulet of Compulsion {Reflect rPois Dex+4 SH+5
                  | SInv}
  6250 | D:7      | Found a staircase to the Ecumenical Temple.
  6253 | D:7      | Reached skill level 6 in Axes
  6329 | Temple   | Entered the Ecumenical Temple
  6503 | Temple   | Became a worshipper of Gozag Ym Sagoz the Greedy
  6592 | D:7      | Reached skill level 7 in Axes
  7114 | D:7      | Reached skill level 8 in Axes
  7801 | D:6      | Killed Duvessa
  7803 | D:6      | Killed Dowan
  8128 | D:6      | Identified the +6 hand axe of the Brewing Soothsayer
                  | {protect, rF- rN+ Int+3 Dex+3}
  8448 | D:5      | Found Nuvenn's Jewellery Emporium.
  8456 | D:5      | Reached skill level 9 in Axes
  8784 | D:4      | Reached XP level 10. HP: 71/85 MP: 10/10
  8789 | D:4      | Killed SigmundSlayer's ghost
  9093 | D:8      | Found Faruf's Assorted Antiques.
  9170 | D:8      | Bought a scroll of teleportation for 72 gold pieces
  9170 | D:8      | Bought a scroll of magic mapping for 180 gold pieces
  9170 | D:8      | Bought a scroll of enchant armour for 180 gold pieces
  9170 | D:8      | Bought a scroll of identify for 48 gold pieces
  9539 | D:8      | Reached skill level 10 in Axes
  9563 | D:8      | Found a hazy altar of Hepliaklqana.
  9652 | D:8      | Found a staircase to the Lair.
  9985 | D:10     | Entered Level 10 of the Dungeon
  9990 | D:9      | Noticed a two-headed ogre
  9992 | D:9      | Noticed Joseph
 10357 | D:9      | Killed Joseph
 10358 | D:9      | Reached skill level 11 in Axes
 10547 | D:9      | Killed a two-headed ogre
 11786 | D:10     | Reached XP level 11. HP: 76/90 MP: 11/11
 11886 | D:10     | Reached skill level 12 in Axes
 12528 | D:10     | Found a burning altar of Makhleb.
 12760 | D:11     | Noticed a purple ugly thing
 12766 | D:11     | Killed a purple ugly thing
 13032 | D:11     | Noticed Sonja
 13062 | D:11     | Killed Sonja
 13279 | D:11     | Found a staircase to the Orcish Mines.
 13297 | D:11     | Reached skill level 13 in Axes
 13622 | D:11     | Noticed Nergalle
 13631 | D:11     | Noticed a spectral orc warlord
 13637 | D:11     | Killed Nergalle
 13889 | Lair:1   | Entered Level 1 of the Lair of Beasts
 13932 | Lair:1   | Found an ancient bone altar of Kikubaaqudgha.
 14233 | Lair:1   | Noticed a catoblepas
 14634 | Lair:2   | Found a hole to the Spider Nest.
 14643 | Lair:2   | Reached skill level 14 in Axes
 15269 | Lair:2   | Noticed an oklob plant
 15284 | Lair:2   | Killed an oklob plant
 15288 | Lair:2   | Reached XP level 12. HP: 40/97 MP: 12/12
 15994 | Lair:2   | Noticed a six-headed hydra
 16008 | Lair:2   | Killed a one-headed hydra
 16009 | Lair:2   | Reached skill level 15 in Axes
 16234 | Lair:2   | Found a staircase to the Shoals.
 17014 | Lair:3   | Noticed a boulder beetle
 17021 | Lair:3   | Killed a boulder beetle
 17257 | Lair:3   | Noticed a boulder beetle
 17268 | Lair:3   | Killed a boulder beetle
 17658 | Lair:3   | Identified the +7 chain mail "Izez" {rElec rF+}
 17762 | Lair:3   | Reached skill level 5 in Dodging
 18167 | Lair:4   | Gained mutation: You are strongly in touch with the powers
                  | of death. [Mummy growth]
 18167 | Lair:4   | Reached XP level 13. HP: 91/103 MP: 13/13
 18426 | Lair:4   | Noticed Snorg
 18438 | Lair:4   | Slain by Snorg

Illustrated notes

Levels and vault maps discovered:
D:1:      minmay_arrival_widening_spiral_wide, layout_basic
D:2:      layout_rooms, basic_altar
D:3:      layout_loops_cross, mainiacjoe_overflow_boulevard, serial_shops, shop,
          shop, kennysheep_generic_room_16, uniq_grinder
D:4:      layout_basic, ebering_ghost_gozag, minmay_misc_feat_rows
D:5:      layout_rooms, serial_shops, shop, enter_ossuary_4
D:6:      layout_basic, minmay_checkerbox, uniq_duvessa, uniq_menkaure
D:7:      kennysheep_kobold_camp, layout_basic,
          minmay_temple_entry_stoned_glass, enter_bailey_4
D:8:      layout_basic, mainiacjoe_overflow_cross_hatched, lair_entry_dummy,
          serial_shops, nicolae_shop_advertising_works
          [nicolae_subvault_shop_adworks], serial_park_tiny_1,
          hangedman_decor_lopped, eino_small_chamber_without_monster
D:9:      layout_loops_cross, uniq_joseph
D:10:     layout_basic, demons_altar, serial_glass, glass_columns_a,
          glass_columns_b, glass_columns_a, glass_columns_c, glass_columns_b,
          glass_columns_c
D:11:     layout_roguey, orc_0_dummy, uniq_sonja, uniq_nergalle
Temple:   nicolae_temple_bog_church
Lair:1:   layout_chaotic_city, basic_altar, grunt_megastairs_2
Lair:2:   layout_roguey, shoals_dummy_entry, spider_nest_entry_funnel_web,
          minivault_24
Lair:3:   layout_big_grid, serial_bayou_shore_a, grunt_megastairs_4
Lair:4:   layout_hall_layers, serial_bayou_pond_d, minivault_23,
          grunt_forest_stairs_basic, st_stairs_12, minmay_lindwurm_lava,
          uniq_snorg

Skill      XL: |  1  2  3  4  5  6  7  8  9 10 11 12 13 |
---------------+----------------------------------------+-----
Fighting       | 4 5 6 8 9 10 | 10.0
Axes           | 5 9 11 14 15 | 15.9
Dodging        | 5 6 |  6.2
Polearms       | |  2.4
Stealth        | |  1.5

Action                   |  1- 3 |  4- 6 |  7- 9 | 10-12 | 13-15 || total
-------------------------+-------+-------+-------+-------+-------++-------
Melee: Spear             |   180 |       |       |       |       ||   180
       War axe           |    16 |   167 |   158 |       |       ||   341
       Punch             |     2 |       |       |       |       ||     2
       Broad axe         |       |       |   161 |   546 |     8 ||   715
       Hand axe          |       |       |       |     8 |     8 ||    16
Throw: Boomerang         |       |       |     9 |     4 |     1 ||    14
       Dart              |       |       |       |    30 |       ||    30
Invok: Potion Petition   |       |       |       |     3 |       ||     3
Evoke: Wand              |       |       |       |     1 |       ||     1
  Use: Scroll            |       |     8 |    15 |    10 |     1 ||    34
 Stab: Distracted        |       |       |       |     5 |       ||     5
Armor: Robe              |     8 |       |       |       |       ||     8
       Plate armour      |    93 |   211 |   289 |   304 |       ||   897
       Chain mail        |       |       |       |     9 |    22 ||    31
Dodge: Dodged            |    51 |    15 |    49 |    76 |     5 ||   196
Block: Kite shield       |    13 |    72 |   198 |   380 |    19 ||   682
       Reflection        |       |       |    11 |    10 |       ||    21
